 Dungeon Crawl Stone Soup version 0.21-a0-450-gd87a9b2 (webtiles) character file.

44 KristoblXynda the Shield-Bearer (level 3, -1/36 HPs)
             Began as a Troll Fighter on Nov 18, 2017.
             Slain by a kobold
             ... wielding a +2 dagger of electrocution
              (20 damage)
             ... on level 2 of the Dungeon.
             The game lasted 00:02:16 (895 turns).

KristoblXynda the Shield-Bearer (Troll Fighter)      Turns: 895, Time: 00:02:17

Health: -1/36      AC:  5    Str: 24    XL:     3   Next: 41%
Magic:  2/2        EV:  8    Int:  4    God:
Gold:   54         SH:  9    Dex: 10    Spells: 2/2 levels left

rFire    . . .     SeeInvis .     - Unarmed
rCold    . . .     Gourm    +   b - +0 shield
rNeg     . . .     Faith    .   a - +0 robe
rPois    .         Spirit   .   (helmet restricted)
rElec    .         Reflect  .   (no cloak)
rCorr    .         Harm     .   (gloves unavailable)
MR       .....                  (boots unavailable)
Stlth    +.........             (no amulet)
HPRegen  0.52/turn              (no ring)
MPRegen  0.08/turn              (no ring)

@: no status effects
A: unfitting armour, claws 3, fast metabolism 3, gourmand, regeneration 1,
shaggy fur 1, tough skin 2
a: no special abilities


You were on level 2 of the Dungeon.
You were not hungry.

You visited 1 branch of the dungeon, and saw 2 of its levels.

You collected 54 gold pieces.

Inventory:

Armour
 a - a +0 robe (worn)
 b - a +0 shield (worn)
Scrolls
 k - a scroll of enchant weapon {unknown}
 m - 2 scrolls of fear {unknown}
Potions
 c - a potion of might
 e - a potion of ambrosia {unknown}
 i - 3 potions of flight {unknown}
 j - 3 potions of curing {unknown}
 l - a potion of heal wounds {unknown}
Comestibles
 d - 3 bread rations
 f - a royal jelly
 g - 2 fruits
 h - a meat ration


   Skills:
 - Level 2.4 Fighting
 - Level 2.4 Dodging
 + Level 3.1 Shields
 + Level 3.1 Unarmed Combat


You had 2 spell levels left.
You didn't know any spells.

Dungeon Overview and Level Annotations

Branches:
Dungeon (2/15)

Altars:


Innate Abilities, Weirdness & Mutations

You are too large for most types of armour.
You have claws for hands.
Your metabolism is lightning-fast.
You like to eat raw meat.
Your natural rate of healing is unusually fast.
You are covered in fur. (AC +1)
You have very tough skin. (AC +2)


Message History

A kobold comes into view.
It is wielding a dagger of electrocution.
The kobold shouts!
A kobold is nearby!
A kobold is nearby!
The kobold hits you but does no damage.
You are electrocuted!
Ouch! That really hurt!
The kobold barely misses you. The kobold hits you but does no damage.
You closely miss the kobold. You block the kobold's attack.
Your shield prevents you from hitting the kobold.
You block the kobold's attack.
You closely miss the kobold. The kobold hits you but does no damage.
You scratch the kobold.
The kobold is moderately wounded.
The kobold closely misses you.
You scratch the kobold.
The kobold is severely wounded.
The kobold hits you but does no damage.
You are electrocuted!
Ouch! That really hurt!
You die...

................
.##.#...........
.##.####........
#. ##.#..
###......
#.##..#.# .....
#.......# .....
##..#...# .....
###...#..# ###..
#...#..@.# #..
##.##..K.## ###.
##..#..#.## #...
#. #.....#
.###...
#.##..#.##
.......
##.#.....#
###...
###......### .
###. ##...#...##
.# #. #.......##
#.# #.


You could see a kobold.

Vanquished Creatures
  An adder (D:2)
  A dart slug (D:2)
  A leopard gecko (D:1)
  5 bats
  7 goblins
  2 hobgoblins
  4 kobolds
  A ball python (D:2)
  5 frilled lizards
  7 rats
34 creatures vanquished.

Notes
Turn   | Place    | Note
-------+----------+-------------------------------------------
     0 | D:1      | KristoblXynda the Troll Fighter began the quest for the Orb.
     0 | D:1      | Reached XP level 1. HP: 22/22 MP: 0/0
   140 | D:1      | Reached XP level 2. HP: 26/29 MP: 1/1
   730 | D:2      | Reached XP level 3. HP: 27/36 MP: 2/2
   895 | D:2      | Slain by a kobold

Vault maps used:
D:1:      saegor_arrival_simple_f
D:2:      tso_metal_star

Skill      XL: |  1  2  3 |
---------------+----------+-----
Shields        | 3 |  3.1
Unarmed Combat | 3 |  3.1
Fighting       | |  2.4
Dodging        | |  2.4

Action                   || total
-------------------------++-------
Melee: Unarmed           ||   107
  Eat: Chunk             ||     8
Armor: Robe              ||    58
Dodge: Dodged            ||    57
Block: Shield            ||    70

Table legend:
 A = Spawn XP
 B = Non-spawn XP
 C = Spawn XP percentage of total XP
 D = Spawn monster count
 E = Non-spawn monster count
 F = Spawn count percentage of total count
 G = Total turns spent on level
                    A         B        C        D         E        F      G
               +---------+---------+-------+---------+---------+-------+---------
         Total |       0 |      64 |   0.0 |       0 |      34 |   0.0 |   895
               +---------+---------+-------+---------+---------+-------+---------
           D:1 |       0 |      30 |   0.0 |       0 |      20 |   0.0 |   722
           D:2 |       0 |      34 |   0.0 |       0 |      14 |   0.0 |   173
               +---------+---------+-------+---------+---------+-------+---------
